cohdb
Replays
Latest Replays
All Replays
Popular Replays
Top Player Replays
Match Explorer
How It Works
Community
CoH3 Stats
Reddit
Sign in to upload your games and track your stats! →
Sign in with Steam
Match 42984652
Unlisted
Match 42984652
Overview
Messages
Build Orders
End
Selects Heavy Weapons
Construct Weapon Support Center
M1919 Machine Gun Team
M1919 Machine Gun Team
Engineer Squad
Selects M2HB .50cal Heavy Machine Gun
Mechanized Support Center
Bazooka Squad
Improved M9 Bazooka Rockets
Bazooka Squad
Construct Motor Pool
M3 Armored Personnel Carrier
Engineer Squad
Construct Motor Pool
Selects Rapid Reposition
Construct Barracks
Selects Bolstered Team Weapons
Riflemen Squad
Riflemen Squad
Riflemen Squad
Grenade Package
M1919 Machine Gun Team
M1918 Browning Automatic Rifles
M1 Anti-tank Gun Team
Selects Assault Carriers
Selects Halftrack Strongpoints
tubagznyven
Marteen Sultans presidente
Bengek323
Ozrealix
TheGreatone
tails is wonderful
michalcewicz85
ChannyBoi
0
0
Comments
sign in to comment!
No comments posted yet!